 Dungeon Crawl Stone Soup version 0.23-a0-619-g281719c (webtiles) character file.

102 Leeroy the Charmwright (level 4, -4/38 HPs)
             Began as a Gnoll Skald on Dec 22, 2018.
             Killed from afar by Natasha (10 damage)
             ... with a wand of flame (5)
             ... on level 2 of the Dungeon.
             The game lasted 00:03:59 (1195 turns).

Leeroy the Charmwright (Gnoll Skald)                Turns: 1195, Time: 00:04:00

Health: -4/38      AC:  6    Str: 13    XL:     4   Next: 78%
Magic:  3/11       EV: 11    Int: 16    God:
Gold:   48         SH:  0    Dex: 15    Spells: 2/13 levels left

rFire    . . .     SeeInvis .   a - +0 falchion
rCold    . . .     Gourm    .   (no shield)
rNeg     . . .     Faith    .   g - +0 scale mail
rPois    .         Spirit   .   (no helmet)
rElec    .         Reflect  .   (no cloak)
rCorr    .         Harm     .   (no gloves)
MR       .....                  (no boots)
Stlth    ..........             (no amulet)
HPRegen  1.12/turn              (no ring)
MPRegen  0.12/turn              (no ring)

@: shrouded, regenerating (expiring)
A: distributed training, fangs 1, strong nose
a: no special abilities


You were on level 2 of the Dungeon.
You were not hungry.

You visited 1 branch of the dungeon, and saw 2 of its levels.

You collected 48 gold pieces.

Inventory:

Hand Weapons
 a - a +0 falchion (weapon)
 c - a +0 spear
 e - a +0 mace
 f - a +0 hunting sling
 l - a +0 short sword
 o - a +0 hand axe
Missiles
 h - 17 stones (quivered)
 n - 2 tomahawks
Armour
 b - a +0 leather armour
 g - a +0 scale mail (worn)
 i - a +0 ring mail
 j - a cursed +0 leather armour
Jewellery
 m - an uncursed ring of positive energy {unknown}
Comestibles
 d - 2 rations
 k - 3 chunks of flesh


   Skills:
 + Level 4.7 Fighting
 + Level 1.2 Short Blades
 + Level 4.7 Long Blades
 + Level 1.2 Axes
 + Level 1.2 Maces & Flails
 + Level 1.2 Polearms
 + Level 1.2 Staves
 + Level 1.2 Slings
 + Level 1.2 Bows
 + Level 1.2 Crossbows
 + Level 1.2 Throwing
 + Level 2.8 Armour
 + Level 4.7 Dodging
 + Level 1.2 Stealth
 + Level 1.2 Shields
 + Level 1.2 Unarmed Combat
 + Level 5.1 Spellcasting
 + Level 1.0 Conjurations
 + Level 1.0 Hexes
 + Level 5.5 Charms
 + Level 1.0 Summonings
 + Level 1.0 Necromancy
 + Level 1.0 Translocations
 + Level 1.0 Transmutations
 + Level 1.0 Fire Magic
 + Level 1.0 Ice Magic
 + Level 1.0 Air Magic
 + Level 1.0 Earth Magic
 + Level 1.0 Poison Magic
 + Level 1.3 Invocations
 + Level 1.2 Evocations


You had 2 spell levels left.
You knew the following spells:

 Your Spells              Type           Power        Failure   Level  Hunger
a - Infusion              Chrm           ###.         7%          1    None
b - Song of Slaying       Chrm           ###.....     11%         2    #......
c - Shroud of Golubria    Chrm/Tloc      ##........   26%         2    #......
d - Regeneration          Chrm/Necr      ##........   47%         3    ###....
e - Spectral Weapon       Hex/Chrm       ##......     47%         3    ###....

Your spell library contained the following spells:

 Spells                   Type           Power        Failure   Level  Hunger


Dungeon Overview and Level Annotations

Branches:
Dungeon (2/15)

Altars:
Okawaru

Annotations:
D:2 Natasha


Innate Abilities, Weirdness & Mutations

Your experience applies equally to all skills.
You have very sharp teeth.
Your uncanny sense of smell can sniff out nearby items.


Message History

The crimson imp blinks!
You barely miss Natasha.
Natasha is moderately wounded.
Natasha closely misses you.
The crimson imp blinks!
The crimson imp barely misses you.
You hit Natasha.
Natasha is heavily wounded.
Natasha claws you.
* * * LOW HITPOINT WARNING * * *
The crimson imp hits you but does no damage.
Unknown command.
Casting: Shroud of Golubria (safe; 26% risk of failure)
Confirm with . or Enter, or press ? or * to list all spells.
You draw out your weapon's spirit!
Natasha barely misses you. The crimson imp barely misses you.
You closely miss Natasha.
Natasha is heavily wounded.
Your skin is crawling a little less now.
Natasha zaps a wand.
The puff of flame hits you!
You die...

...#########........
##...............##.
#..########.###.#
##...## ##...## #
......# #.....#
##...## ##...##
##..## ##.## ...##
#.######.# .###
#.55h@5(.# )#
##'######## .# #...#
.# #...5.# .#
#.......# ..
#.......... ...
+..[........# ....
#..........#. .#.##
##........#._


You could see Natasha, 2 crimson imps, a shadow imp and a friendly spectral +0
falchion.

Vanquished Creatures
  Jessica (D:2)
  Natasha (D:2)
  An adder (D:2)
  An ooze (D:1)
  A worm (D:2)
  A dart slug (D:1)
  4 bats
  A giant cockroach (D:2)
  3 hobgoblins (D:1)
  2 jackals (D:2)
  6 kobolds
  A ball python (D:1)
  5 frilled lizards
  4 goblins
  4 rats
36 creatures vanquished.

Notes
Turn   | Place    | Note
-------+----------+-------------------------------------------
     0 | D:1      | Leeroy the Gnoll Skald began the quest for the Orb.
     0 | D:1      | Reached XP level 1. HP: 20/20 MP: 6/6
   272 | D:1      | Reached XP level 2. HP: 26/26 MP: 7/7
   276 | D:1      | Learned a level 2 spell: Song of Slaying
   279 | D:1      | Learned a level 2 spell: Shroud of Golubria
   904 | D:2      | Reached XP level 3. HP: 31/31 MP: 9/9
   912 | D:2      | Learned a level 3 spell: Regeneration
   916 | D:2      | Learned a level 3 spell: Spectral Weapon
   929 | D:2      | Reached skill level 5 in Spellcasting
   953 | D:2      | Noticed Jessica
   960 | D:2      | Killed Jessica
   960 | D:2      | Reached skill level 1 in Short Blades
   960 | D:2      | Reached skill level 1 in Axes
   960 | D:2      | Reached skill level 1 in Maces & Flails
   960 | D:2      | Reached skill level 1 in Polearms
   960 | D:2      | Reached skill level 1 in Staves
   960 | D:2      | Reached skill level 1 in Slings
   960 | D:2      | Reached skill level 1 in Bows
   960 | D:2      | Reached skill level 1 in Crossbows
   960 | D:2      | Reached skill level 1 in Throwing
   960 | D:2      | Reached skill level 1 in Stealth
   960 | D:2      | Reached skill level 1 in Shields
   960 | D:2      | Reached skill level 1 in Unarmed Combat
   960 | D:2      | Reached skill level 1 in Invocations
   960 | D:2      | Reached skill level 1 in Evocations
   988 | D:2      | Reached XP level 4. HP: 29/38 MP: 3/11
  1075 | D:2      | Noticed Natasha
  1086 | D:2      | Killed Natasha
  1086 | D:2      | Reached skill level 1 in Conjurations
  1086 | D:2      | Reached skill level 1 in Hexes
  1086 | D:2      | Reached skill level 1 in Summonings
  1086 | D:2      | Reached skill level 1 in Necromancy
  1086 | D:2      | Reached skill level 1 in Translocations
  1086 | D:2      | Reached skill level 1 in Transmutations
  1086 | D:2      | Reached skill level 1 in Fire Magic
  1086 | D:2      | Reached skill level 1 in Ice Magic
  1086 | D:2      | Reached skill level 1 in Air Magic
  1086 | D:2      | Reached skill level 1 in Earth Magic
  1086 | D:2      | Reached skill level 1 in Poison Magic
  1173 | D:2      | Noticed Natasha
  1174 | D:2      | Found an iron altar of Okawaru.
  1195 | D:2      | Killed from afar by Natasha

Vault maps used:
D:1:      minmay_arrival_loop
D:2:      xom_butterflies, okawaru_metal_pillars_3, first_ration,
          minmay_pentomino_pile, uniq_jessica, uniq_natasha

Skill      XL: |  1  2  3  4 |
---------------+-------------+-----
Spellcasting   | 5 |  5.1
Short Blades   | 1 |  1.2
Axes           | 1 |  1.2
Maces & Flails | 1 |  1.2
Polearms       | 1 |  1.2
Staves         | 1 |  1.2
Slings         | 1 |  1.2
Bows           | 1 |  1.2
Crossbows      | 1 |  1.2
Throwing       | 1 |  1.2
Stealth        | 1 |  1.2
Shields        | 1 |  1.2
Unarmed Combat | 1 |  1.2
Invocations    | 1 |  1.3
Evocations     | 1 |  1.2
Conjurations   | 1 |  1.0
Hexes          | 1 |  1.0
Summonings     | 1 |  1.0
Necromancy     | 1 |  1.0
Translocations | 1 |  1.0
Transmutations | 1 |  1.0
Fire Magic     | 1 |  1.0
Ice Magic      | 1 |  1.0
Air Magic      | 1 |  1.0
Earth Magic    | 1 |  1.0
Poison Magic   | 1 |  1.0
Fighting       | |  4.7
Long Blades    | |  4.7
Armour         | |  2.8
Dodging        | |  4.7
Charms         | |  5.5

Action                   |  1- 3 |  4- 6 || total
-------------------------+-------+-------++-------
Melee: Falchion          |    65 |    45 ||   110
       Bite              |    12 |     4 ||    16
 Cast: Spectral Weapon   |     1 |     2 ||     3
       Regeneration      |       |     2 ||     2
       Shroud of Golubri |       |     1 ||     1
  Use: Scroll            |     1 |       ||     1
  Eat: Chunk             |       |     2 ||     2
Armor: Scale mail        |    24 |    17 ||    41
Dodge: Dodged            |    39 |    30 ||    69
       Rpst.: Falchion   |    15 |     6 ||    21

Table legend:
 A = Non-vault XP
 B = Vault XP
 C = Vault XP percentage of total XP
 D = Non-vault monster count
 E = Vault monster count
 F = Vault count percentage of total count
                 A         B        C        D         E       F
            +---------+---------+-------+---------+---------+-------
      Total |      67 |      80 |  54.4 |      28 |       8 |  22.2
            +---------+---------+-------+---------+---------+-------
        D:1 |      33 |       0 |   0.0 |      17 |       0 |   0.0
        D:2 |      34 |      80 |  70.2 |      11 |       8 |  42.1
            +---------+---------+-------+---------+---------+-------
